 Dungeon Crawl Stone Soup version 0.21.1-1-g345015f (webtiles) character file.

514 Gwenloh the Insei (level 7, -3/52 HPs)
             Began as a Gnoll Transmuter on Feb 10, 2018.
             Killed by divine providence
             ... invoked by an orc priest
              (15 damage)
             ... on level 5 of the Dungeon.
             The game lasted 00:17:00 (4396 turns).

Gwenloh the Insei (Gnoll Transmuter)                Turns: 4396, Time: 00:17:04

Health: -3/52      AC: 11    Str: 14    XL:     7   Next: 20%
Magic:  15/15      EV:  8    Int: 16    God:
Gold:   318        SH:  0    Dex: 15    Spells: 11/17 levels left

rFire    . . .     SeeInvis .   h - +4 dagger
rCold    . . .     Gourm    .   (no shield)
rNeg     . . .     Faith    .   l - +0 chain mail
rPois    .         Spirit   .   A - +2 helmet
rElec    .         Reflect  .   (no cloak)
rCorr    .         Harm     .   (no gloves)
MR       .....                  (no boots)
Stlth    ..........             k - amulet of magic regeneration
HPRegen  0.17/turn              (no ring)
MPRegen  0.39/turn              (no ring)

@: lethally poisoned (-3 -> -3)
A: distributed training, fangs 1, strong nose
a: no special abilities


You were on level 5 of the Dungeon.
You were not hungry.

You visited 1 branch of the dungeon, and saw 5 of its levels.

You collected 318 gold pieces.

Inventory:

Hand Weapons
 h - a +4 dagger (weapon)
 s - a +0 whip
Missiles
 a - 77 arrows
 i - 179 stones (quivered)
 y - 22 sling bullets
Armour
 b - a +0 robe
 l - a +0 chain mail (worn)
 A - a +2 helmet (worn)
Jewellery
 k - an amulet of magic regeneration (around neck)
Wands
 r - a wand of polymorph (9)
 x - a wand of random effects (16)
Scrolls
 g - 2 scrolls of remove curse
 j - a scroll of fog {unknown}
 m - 3 scrolls of fear {unknown}
 o - a scroll of random uselessness {unknown}
 p - a scroll of enchant weapon {unknown}
 q - 3 scrolls of teleportation {unknown}
 w - 2 scrolls of identify {unknown}
 D - a scroll of magic mapping {unknown}
 E - a scroll of immolation {unknown}
 F - a scroll of amnesia {unknown}
Potions
 e - a potion of magic {unknown}
 f - a potion of heal wounds {unknown}
 n - a potion of flight {unknown}
 t - a potion of degeneration {unknown}
 u - a potion of might {unknown}
 v - 2 potions of curing {unknown}
 z - a potion of agility
 B - a potion of lignification {unknown}
Books
 c - a book of Changes

   Spells                             Type                      Level
   a - Beastly Appendage              Transmutation                1
   b - Sticks to Snakes               Transmutation                2
   c - Spider Form                    Transmutation/Poison         3
   d - Ice Form                       Ice/Transmutation            4
   e - Blade Hands                    Transmutation                5
Comestibles
 d - 12 rations
 C - 3 chunks of flesh


   Skills:
 + Level 3.5 Fighting
 + Level 2.3 Short Blades
 + Level 2.3 Long Blades
 + Level 2.3 Axes
 + Level 2.3 Maces & Flails
 + Level 2.3 Polearms
 + Level 2.3 Staves
 + Level 2.3 Slings
 + Level 2.3 Bows
 + Level 2.3 Crossbows
 + Level 2.3 Throwing
 + Level 2.3 Armour
 + Level 5.1 Dodging
 + Level 2.3 Stealth
 + Level 2.3 Shields
 + Level 7.0 Unarmed Combat
 + Level 5.5 Spellcasting
 + Level 1.8 Conjurations
 + Level 1.8 Hexes
 + Level 1.8 Charms
 + Level 1.8 Summonings
 + Level 1.8 Necromancy
 + Level 1.8 Translocations
 + Level 4.2 Transmutations
 + Level 1.8 Fire Magic
 + Level 1.8 Ice Magic
 + Level 1.8 Air Magic
 + Level 1.8 Earth Magic
 + Level 1.8 Poison Magic
 + Level 2.5 Invocations
 + Level 2.3 Evocations


You had 11 spell levels left.
You knew the following spells:

 Your Spells              Type           Power        Failure   Level  Hunger
a - Beastly Appendage     Tmut           ###...       54%         1    None
b - Blade Hands           Tmut           ###.......   100%        5    ######.


Dungeon Overview and Level Annotations

Branches:
Dungeon (5/15)
 Temple: D:4-7

Altars:
Nemelex Xobeh
Ru
Trog

Shops:
D:5 =

Annotations:
D:3 jazmu's ghost, weakling DsNe


Innate Abilities, Weirdness & Mutations

Your experience applies equally to all skills.
You have very sharp teeth.
Your uncanny sense of smell can sniff out nearby items.


Message History

You closely miss the adder.
The adder is almost dead.
You feel sick. The adder barely misses you.
You barely miss the adder. Your bite misses the adder.
The adder is almost dead.
The adder bites you but does no damage.
You hit the adder but do no damage.
The adder is almost dead.
The adder barely misses you.
You barely miss the adder. You bite the adder, but do no damage.
The adder is almost dead.
The adder bites you.
* * * LOW HITPOINT WARNING * * *
You hit the adder.
You kill the adder!
Your Unarmed Combat skill increases to level 7!
You feel sick.
The orc priest calls down the wrath of Beogh upon you.
Beogh smites you!
You die...

#....#
#.#.
#....#
....
#.####
.#. .
#.#
... .
#.# #
## .
#.#
#.#
#.#
#@#
#†#
#r#
.o.
..#
#..#
#..#
#..#


You could see an orc priest and a quokka.

Vanquished Creatures
  An ogre (D:4)
  2 howler monkeys
  A crimson imp (D:5)
  A hound (D:4)
  An orc priest (D:5)
  A bullfrog skeleton (D:5)
  Natasha (thrice) (D:2)
  7 adders
  An ooze (D:3)
  4 worms
  2 dart slugs
  5 leopard geckos
  3 orcs (D:5)
  A ball python (D:1)
  8 giant cockroaches
  5 goblins
  5 hobgoblins
  A quokka (D:3)
  5 bats
  2 frilled lizards
  8 kobolds
  6 rats
73 creatures vanquished.

Vanquished Creatures (others)
  A bat (D:2)
1 creature vanquished.

Grand Total: 74 creatures vanquished

Notes
Turn   | Place    | Note
-------+----------+-------------------------------------------
     0 | D:1      | Gwenloh the Gnoll Transmuter began the quest for the Orb.
     0 | D:1      | Reached XP level 1. HP: 17/17 MP: 6/6
   350 | D:1      | Found a sacrificial altar of Ru.
   399 | D:1      | Reached XP level 2. HP: 18/23 MP: 5/7
   948 | D:2      | Noticed a howler monkey
   964 | D:2      | Killed a howler monkey
   964 | D:2      | Reached skill level 1 in Short Blades
   964 | D:2      | Reached skill level 1 in Long Blades
   964 | D:2      | Reached skill level 1 in Axes
   964 | D:2      | Reached skill level 1 in Maces & Flails
   964 | D:2      | Reached skill level 1 in Polearms
   964 | D:2      | Reached skill level 1 in Staves
   964 | D:2      | Reached skill level 1 in Slings
   964 | D:2      | Reached skill level 1 in Bows
   964 | D:2      | Reached skill level 1 in Crossbows
   964 | D:2      | Reached skill level 1 in Throwing
   964 | D:2      | Reached skill level 1 in Armour
   964 | D:2      | Reached skill level 1 in Stealth
   964 | D:2      | Reached skill level 1 in Shields
   964 | D:2      | Reached skill level 5 in Spellcasting
   964 | D:2      | Reached skill level 1 in Invocations
   964 | D:2      | Reached skill level 1 in Evocations
   964 | D:2      | Reached XP level 3. HP: 19/28 MP: 7/9
   964 | D:2      | Reached XP level 4. HP: 23/34 MP: 8/11
  1323 | D:2      | Noticed Natasha
  1335 | D:2      | Killed Natasha
  1335 | D:2      | Reached skill level 1 in Conjurations
  1335 | D:2      | Reached skill level 1 in Hexes
  1335 | D:2      | Reached skill level 1 in Charms
  1335 | D:2      | Reached skill level 1 in Summonings
  1335 | D:2      | Reached skill level 1 in Necromancy
  1335 | D:2      | Reached skill level 1 in Translocations
  1335 | D:2      | Reached skill level 1 in Fire Magic
  1335 | D:2      | Reached skill level 1 in Ice Magic
  1335 | D:2      | Reached skill level 1 in Air Magic
  1335 | D:2      | Reached skill level 1 in Earth Magic
  1335 | D:2      | Reached skill level 1 in Poison Magic
  1512 | D:2      | Noticed Natasha
  1523 | D:2      | Killed Natasha
  1523 | D:2      | Reached XP level 5. HP: 32/40 MP: 12/12
  1670 | D:2      | Found a sparkling altar of Nemelex Xobeh.
  1808 | D:2      | Noticed Natasha
  1829 | D:2      | Killed Natasha
  2151 | D:3      | Found a bloodstained altar of Trog.
  2347 | D:3      | Noticed jazmu's ghost (weakling DsNe)
  2377 | D:3      | HP: 1/41 [something/nerve-wracking pain (4)]
  2717 | D:3      | Reached XP level 6. HP: 47/47 MP: 13/13
  3654 | D:4      | Reached skill level 5 in Dodging
  4210 | D:5      | Entered Level 5 of the Dungeon
  4218 | D:5      | Reached XP level 7. HP: 52/52 MP: 15/15
  4260 | D:5      | Learned a level 5 spell: Blade Hands
  4313 | D:5      | Found Jaseff's Jewellery Shoppe.
  4396 | D:5      | Reached skill level 7 in Unarmed Combat
  4396 | D:5      | Killed from afar by an orc priest

Skill      XL: |  1  2  3  4  5  6  7 |
---------------+----------------------+-----
Short Blades   | 1 2 |  2.3
Long Blades    | 1 2 |  2.3
Axes           | 1 2 |  2.3
Maces & Flails | 1 2 |  2.3
Polearms       | 1 2 |  2.3
Staves         | 1 2 |  2.3
Slings         | 1 2 |  2.3
Bows           | 1 2 |  2.3
Crossbows      | 1 2 |  2.3
Throwing       | 1 2 |  2.3
Armour         | 1 2 |  2.3
Stealth        | 1 2 |  2.3
Shields        | 1 2 |  2.3
Spellcasting   | 5 |  5.5
Invocations    | 1 2 |  2.5
Evocations     | 1 2 |  2.3
Conjurations   | 1 |  1.8
Hexes          | 1 |  1.8
Charms         | 1 |  1.8
Summonings     | 1 |  1.8
Necromancy     | 1 |  1.8
Translocations | 1 |  1.8
Fire Magic     | 1 |  1.8
Ice Magic      | 1 |  1.8
Air Magic      | 1 |  1.8
Earth Magic    | 1 |  1.8
Poison Magic   | 1 |  1.8
Fighting       | 3 |  3.5
Transmutations | 4 |  4.2
Dodging        | 5 |  5.1
Unarmed Combat | 7 |  7.0

Action                   |  1- 3 |  4- 6 |  7- 9 || total
-------------------------+-------+-------+-------++-------
Melee: Unarmed           |    25 |       |       ||    25
       Dagger            |    28 |   243 |    39 ||   310
       Bite              |     5 |    19 |     5 ||    29
       Headbutt          |     2 |       |       ||     2
       Punch             |     1 |     7 |     2 ||    10
Throw: Stone             |       |     4 |       ||     4
 Cast: Beastly Appendage |     5 |       |       ||     5
Evoke: Wand              |       |     7 |       ||     7
  Use: Scroll            |       |     1 |       ||     1
  Eat: Chunk             |       |    10 |     1 ||    11
Armor: Robe              |     5 |       |       ||     5
       Chain mail        |     5 |   113 |    13 ||   131
       Ring mail         |     2 |       |       ||     2
       Skin              |       |     5 |       ||     5
Dodge: Dodged            |    15 |    72 |    10 ||    97
